 Dungeon Crawl Stone Soup version 0.30-a0-1035-g38d5fb2972 (webtiles) character file.

Game seed: 12380688167212269472

358492 Ic0nGaming the Ninja (level 23, -8/151 HPs)
             Began as a Kobold Fighter on Apr 8, 2023.
             Was the Champion of Makhleb.
             Killed from afar by a frost giant (48 damage)
             ... with a bolt of cold
             ... on level 2 of the Depths.
             The game lasted 02:29:54 (49939 turns).

Ic0nGaming the Ninja (Kobold Fighter)              Turns: 49939, Time: 02:29:54

Health: -8/151     AC: 23    Str: 18    XL:     23   Next: 42%
Magic:  35/35      EV: 20    Int:  7    God:    Makhleb [******]
Gold:   1282       SH: 22    Dex: 22    Spells: 22/22 levels left

rFire   + + +      SeeInvis .    n - +6 rapier (spect)
rCold   . . .      Faith    .    k - +4 kite shield
rNeg    + . .      Spirit   .    V - +8 ring mail of Unreason {+Inv Regen+ Int-2}
rPois   .          Reflect  +    z - +0 helmet of Hedge Wizardry {rF+++ Regen+ Str+3 Dex-2}
rElec   .          Rampage  .    (no cloak)
rCorr   .                        A - +2 pair of gloves
Will    ++...                    g - +2 pair of boots
Stlth   ++++++++++               c - amulet of reflection
HPRegen 2.05/turn                u - ring of willpower
MPRegen 0.24/turn                O - ring of positive energy

@: no status effects
A: small, no large weapons, nightstalker 3
}: 2/15 runes: decaying, serpentine
a: Renounce Religion, Evoke Invisibility, Minor Destruction, Lesser Servant of
Makhleb, Major Destruction, Greater Servant of Makhleb


You were on level 2 of the Depths.
You worshipped Makhleb.
Makhleb was exalted by your worship.
You visited 8 branches of the dungeon, and saw 38 of its levels.
You visited 1 bazaar.
You also visited: Bailey.

You collected 4493 gold pieces.
You spent 3211 gold pieces at shops.

Inventory:

Hand Weapons
 n - a +6 spectral rapier (weapon)
 X - a +2 quick blade of freezing
Missiles
 p - 6 curare-tipped darts
 F - 18 boomerangs (quivered)
Armour
 g - a +2 pair of boots (worn)
 k - a +4 kite shield (worn)
 s - a +2 ring mail of cold resistance
 z - the +0 helmet of Hedge Wizardry (worn) {rF+++ Regen+ Str+3 Dex-2}
   (You found it on level 1 of the Elven Halls)

   Str:       It affects your strength (+3).
   Dex:       It affects your dexterity (-2).
   rF:        It renders you almost immune to fire.
   Regen:     It increases your rate of health regeneration.
 A - a +2 pair of gloves (worn)
 V - the +8 ring mail of Unreason (worn) {+Inv Regen+ Int-2}
   (You bought it in a shop in a bazaar)

   Int:       It affects your intelligence (-2).
   +Inv:      It lets you turn invisible.
   Regen:     It increases your rate of health regeneration.
 Y - the scarf of the Falcon {rC+ rF+, Fly Str+2}
   (You bought it in a shop on level 3 of the Snake Pit)

   Str:       It affects your strength (+2).
   Fly:       It grants you flight.
Jewellery
 c - an amulet of reflection (around neck)
 h - a ring of poison resistance
 j - a ring of resist corrosion
 u - a ring of willpower (left hand)
 w - a ring of wizardry
 x - a ring of flight
 J - a ring of protection from cold
 O - a ring of positive energy (right hand)
 U - a ring of see invisible
Wands
 b - a wand of acid (7)
 v - a wand of flame (23)
 H - a wand of polymorph (22)
 K - a wand of digging (15)
 R - a wand of paralysis (23)
 S - a wand of roots (17)
Scrolls
 d - 5 scrolls of fear
 l - a scroll of fog
 o - 15 scrolls of teleportation
 B - 4 scrolls of amnesia
 D - 2 scrolls of blinking
 L - 3 scrolls of poison
 N - a scroll of silence
 Q - a scroll of butterflies
 T - 7 scrolls of magic mapping
Potions
 a - 3 potions of berserk rage
 e - 5 potions of magic
 f - 6 potions of haste
 i - 5 potions of brilliance
 m - 5 potions of ambrosia
 q - 10 potions of mutation
 r - 4 potions of cancellation
 t - 8 potions of flight
 C - 4 potions of curing
 E - 6 potions of invisibility
 G - 2 potions of resistance
 I - 2 potions of might
 Z - 5 potions of heal wounds
Miscellaneous
 y - a phantom mirror
 M - a phial of floods
 P - a phantom mirror


   Skills:
 + Level 17.7 Fighting
 - Level 14.0 Short Blades
 - Level 9.6 Throwing
 + Level 9.8 Armour
 + Level 11.0 Dodging
 O Level 27 Stealth
 - Level 11.1 Shields
 - Level 16.4 Invocations
 - Level 11.7 Evocations


You had 22 spell levels left.
You didn't know any spells.
Your spell library contained the following spells:

 Spells                   Type           Power      Damage    Failure   Level
 Foxfire                  Conj/Fire      0%         2x1d4     91%         1
 Freeze                   Ice            0%         1d3       91%         1
 Magic Dart               Conj           0%         1d3       91%         1
 Slow                     Hex            0%         N/A       91%         1
 Blink                    Tloc           0%         N/A       97%         2
 Call Imp                 Summ           0%         N/A       97%         2
 Lesser Beckoning         Tloc           0%         N/A       97%         2
 Momentum Strike          Conj/Tloc      0%         3d8       97%         2
 Scorch                   Fire           0%         2d5       97%         2
 Searing Ray              Conj           0%         2d4       97%         2
 Call Canine Familiar     Summ           0%         N/A       100%        3
 Frozen Ramparts          Ice            0%         1d1       100%        3
 Hailstorm                Conj/Ice       0%         3d3       100%        3
 Inner Flame              Hex/Fire       0%         N/A       100%        3
 Mephitic Cloud           Conj/Pois/Air  0%         N/A       100%        3
 Ozocubu's Armour         Ice            0%         N/A       100%        3
 Portal Projectile        Hex/Tloc       0%         N/A       100%        3
 Stone Arrow              Conj/Erth      0%         3d7       100%        3
 Vhi's Electric Charge    Tloc/Air       0%         N/A       100%        3
 Volatile Blastmotes      Fire/Tloc      0%         2d10      100%        3
 Animate Armour           Summ/Erth      0%         N/A       100%        4
 Animate Dead             Necr           0%         N/A       100%        4
 Flame Wave               Conj/Fire      0%         2d4       100%        4
 Fulminant Prism          Conj/Hex       0%         3d5       100%        4
 Ice Form                 Ice/Tmut       0%         N/A       100%        4
 Iskenderun's Mystic Bla  Conj/Tloc      0%         2d3       100%        4
 Leda's Liquefaction      Hex/Erth       0%         N/A       100%        4
 Manifold Assault         Tloc           0%         N/A       100%        4
 Petrify                  Tmut/Erth      0%         N/A       100%        4
 Sticky Flame             Conj/Fire      0%         2d3       100%        4
 Summon Ice Beast         Ice/Summ       0%         N/A       100%        4
 Summon Lightning Spire   Summ/Air       0%         N/A       100%        4
 Alistair's Intoxication  Tmut/Pois      0%         N/A       100%        5
 Arcjolt                  Conj/Air       0%         1d10      100%        5
 Borgnjor's Vile Clutch   Necr/Erth      0%         N/A       100%        5
 Fireball                 Conj/Fire      0%         3d3       100%        5
 Iskenderun's Battlesphe  Conj           0%         2d6       100%        5
 Lee's Rapid Deconstruct  Erth           0%         3d4*      100%        5
 Metabolic Englaciation   Hex/Ice        0%         N/A       100%        5
 Summon Forest            Summ/Tloc      0%         N/A       100%        5
 Summon Mana Viper        Hex/Summ       0%         N/A       100%        5
 Yara's Violent Unravell  Hex/Tmut       0%         3d3       100%        5
 Conjure Ball Lightning   Conj/Air       0%         3x3d6     100%        6
 Death Channel            Necr           0%         N/A       100%        6
 Eringya's Noxious Bog    Tmut/Pois      0%         N/A       100%        6
 Plasma Beam              Fire/Air       0%         2x1d11    100%        6
 Simulacrum               Ice/Necr       0%         N/A       100%        6
 Starburst                Conj/Fire      0%         6d3       100%        6
 Statue Form              Tmut/Erth      0%         N/A       100%        6
 Summon Cactus Giant      Summ           0%         N/A       100%        6
 Orb of Destruction       Conj           0%         9d5       100%        7
 Storm Form               Tmut/Air       0%         N/A       100%        7
 Discord                  Hex            0%         N/A       100%        8
 Disjunction              Tloc           0%         N/A       100%        8
 Lehudib's Crystal Spear  Conj/Erth      0%         10d2      100%        8
 Maxwell's Capacitive Co  Air            0%         ∞         100%        8
 Necromutation            Tmut/Necr      0%         N/A       100%        8


Dungeon Overview and Level Annotations

Branches:
Dungeon (15/15)            Temple (0/1) D:6            Lair (5/5) D:10
  Swamp (4/4) Lair:3        Snake (4/4) Lair:3        Slime (0/5) Lair:4
    Orc (2/2) D:10            Elf (3/3) Orc:2        Vaults (3/5) D:13
  Crypt (0/3) Vaults:2     Depths (2/4) D:15         Bailey (visited)

Altars:
Ashenzari
Cheibriados
Elyvilon
Fedhas
Hepliaklqana
Makhleb
Nemelex Xobeh
Okawaru
Ru
Sif Muna
Uskayaw
Wu Jian
Xom
The Shining One
Jiyva
Lugonu

Shops:
D:1 !   D:5 ?   D:11 ?   D:12 (   D:15 !   Orc:1 ((   Orc:2 [[!*   Snake:1 ?
Snake:3 *

Portals:
Hell: Depths:1
Abyss: Depths:1
Ziggurat: Depths:1

Annotations:
D:5 2 runed translucent doors, fly's ghost, amateur DgDe
D:8 3 runed translucent doors, stillor's ghost, novice OpTm
D:9 3 runed translucent doors, Maggie
Lair:2 2 transporters
Lair:4 1 runed translucent door


Innate Abilities, Weirdness & Mutations

You are small and have problems with some larger weapons.
You are completely attuned to the shadows.


Message History

The ice dragon tramples your +6 spectral rapier!
Your spectral weapon shares its damage with you!
Your +6 spectral rapier is shoved backwards!
The frost giant points at you and mumbles some strange words.
The bolt of cold hits you!!
You hear a deafening roar!
A shadow dragon and a hell knight come into view.
You hear a shout! x2; The ice dragon roars deafeningly!
You hear a deafening roar!
The ice dragon misses you. You block the ice dragon's attack. x2
The frost giant gestures at you while chanting.
The bolt of cold hits you!!
You hear a shout!
The ice dragon bites you but does no damage.
You block the ice dragon's attack. The ice dragon barely misses you.
The frost giant points at you and mumbles some strange words.
The bolt of cold hits the ice dragon!
The ice dragon resists.
The bolt of cold hits you.
You hear a shout! x2
The ice dragon breathes frost at you. The blast of cold misses you.
You hear a deafening roar!
You hear a shout!
You hear a grinding noise.
Items here: )) [[ †††.
A demon appears!
You swap places.
The ice dragon bites your hellwing! The ice dragon claws your hellwing!
The ice dragon closely misses your hellwing.
Your hellwing hits the ice dragon but does no damage.
Your hellwing hits the ice dragon.
The ice dragon breathes frost at your hellwing.
The blast of cold hits your hellwing!! The blast of cold hits you!!!
* * * LOW HITPOINT WARNING * * *
The frost giant gestures at you while chanting.
The bolt of cold hits the ice dragon.
The ice dragon resists.
The bolt of cold hits your hellwing!!
Your hellwing dies!
Your hellwing disappears in a puff of smoke!
The bolt of cold hits you!!!
You die...

### ###
#.################<####
#.CD§.@................
#)###############...### #.#
#..... #######.### #....##
.......C..# #.....
..........######### ...#
..........##......# #...##
..........##.####.# #.....
..........##.####.#####.....


You could see a frost giant and an ice dragon (unaware, catching breath).

Vanquished Creatures
  Vashnia (Snake:3)
  2 tentacled monstrosities (Swamp:4)
  Jorgrun (D:14)
  2 deep elf master archers (Elf:3)
  2 deep elf blademasters
  A sphinx (D:14)
  2 thorn hunters (Swamp:4)
  3 nagarajas (Snake:4)
  5 fenstrider witches (Swamp:4)
  Roxanne (Snake:3)
  A daeva (Depths:1)
  3 frost giants
  A fire giant (D:14)
  An angel (Depths:1)
  2 curse skulls (Vaults:2)
  An orc warlord (Vaults:1)
  5 deep elf elementalists (Elf:3)
  3 stone giants
  8 ironbound preservers
  A spriggan defender (D:15)
  7 very ugly things
  4 ironbound thunderhulks
  5 eleionomae
  9 deep elf annihilators (Elf:3)
  6 deep elf demonologists (Elf:3)
  A spark wasp (Depths:2)
  4 dire elephants (Vaults:1)
  8 bunyips
  6 deep elf death magi (Elf:3)
  Josephine (Lair:5)
  A quicksilver dragon zombie (Depths:2)
  2 ettins
  4 deep elf high priests (Elf:3)
  Fannar (D:11)
  2 fire dragons
  An ice dragon (Depths:1)
  A rakshasa (Depths:1)
  Erolcha (D:9)
  2 shambling mangroves
  2 ghost crabs
  3 great orbs of eyes
  6 vault guards
  11 hydras
  15 anacondas
  3 ironbound frosthearts
  2 spriggan air magi (Depths:2)
  3 salamander tyrants
  8 centaur warriors
  4 catoblepae
  5 ogre magi
  A death knight (Vaults:2)
  6 two-headed ogres
  23 dancing weapons
  3 boulder beetles
  3 death yaks (Lair:5)
  4 alligators
  15 naga warriors
  3 deep troll shamans
  A deep troll earth mage (Depths:1)
  4 tengu warriors
  20 naga sharpshooters
  2 shock serpents
  A spriggan berserker (Swamp:4)
  10 deep elf knights
  A soul eater (Swamp:4)
  14 spriggans
  3 skeletal warriors (D:13)
  A titan skeleton (Depths:2)
  2 iron trolls
  16 deep trolls (Vaults:2)
  5 goliath frogs
  8 salamander mystics
  3 flayed ghosts (Depths:2)
  3 sixfirhies (Swamp:4)
  9 naga ritualists
  A bog body (Lair:3)
  4 swamp dragons
  10 ironbound convokers
  An orb spider (shapeshifter) (D:15)
  2 glowing orange brains
  An orange crystal statue (Vaults:2)
  3 spriggan druids
  5 deep elf archers (Elf:3)
  6 wizards
  3 lindwurms (Vaults:1)
  8 orc knights
  Pikel (D:8)
  9 mana vipers
  19 deep elf zephyrmancers
  9 harpies
  25 deep elf pyromancers
  3 orc sorcerers
  20 ugly things
  A human zombie (Vaults:3)
  2 tengu zombies
  3 necromancers
  2 will-o-the-wisps
  3 cyclopes
  3 manticores
  13 salamanders
  A shining eye (shapeshifter) (Elf:2)
  An elf zombie (Vaults:3)
  8 vault sentinels
  22 black mambas
  9 naga magi
  8 guardian serpents
  An orange demon (Swamp:4)
  7 cane toads
  4 molten gargoyles (Elf:1)
  Psyche (D:8)
  A rime drake (Lair:2)
  2 unseen horrors
  8 komodo dragons
  9 yaktaurs
  5 tengu conjurers
  A yaktaur (shapeshifter) (D:14)
  A freezing wraith (D:13)
  An efreet (D:12)
  2 hellwings (Swamp:4)
  8 trolls
  2 polar bears (Lair:4)
  8 tyrant leeches
  14 hornets
  Prince Ribbit (D:8)
  A dream sheep (shapeshifter) (Vaults:3)
  19 blink frogs
  A spriggan zombie (Depths:2)
  25 slime creatures
  11 wraiths
  3 wyverns
  3 water elementals
  81 yaks
  A shadow (D:9)
  A golden eye (shapeshifter) (Vaults:2)
  3 air elementals
  2 fire elementals
  2 basilisks
  16 vampire mosquitoes
  8 wargs
  Menkaure (D:7)
  Grum (D:9)
  A glowing shapeshifter zombie (Vaults:3)
  34 nagas
  15 swamp worms
  16 water moccasins
  A floating eye (shapeshifter) (Depths:1)
  41 orc warriors
  A swamp drake (Swamp:3)
  2 ice beasts
  6 black bears (Lair:1)
  19 wolves
  6 ogres
  A centaur (shapeshifter) (Vaults:1)
  7 centaurs
  A lemure (D:8)
  9 bullfrogs
  3 kobold brigands
  12 wights
  5 killer bees (D:8)
  4 howler monkeys
  7 electric eels
  4 lava snakes
  5 hounds
  17 orc priests
  5 iguanas
  A sleepcap (D:5)
  23 orc wizards
  5 hell rats (Lair:1)
  5 adders
  23 gnolls
  3 white imps
  3 ufetubi
  3 dart slugs
  104 orcs
  5 ball pythons
  7 endoplasms
  5 giant cockroaches
  9 goblins
  7 hobgoblins
  2 jackals (D:2)
  44 kobolds
  4 quokkas (D:1)
  3 bats
  5 frilled lizards
  5 rats
  A lurking horror (Depths:1)
1285 creatures vanquished.

Vanquished Creatures (collateral kills)
  A fenstrider witch (Swamp:2)
  A green death (Swamp:4)
  A hydra (Swamp:3)
  An alligator (Swamp:2)
  An orc sorcerer (Swamp:4)
  A spriggan (Swamp:1)
  A butterfly (Swamp:4)
7 creatures vanquished.

Vanquished Creatures (others)
  A deep elf knight (Elf:3)
  2 wizards
  4 bloated husks
  2 vampire mosquitoes (Swamp:4)
  A gnoll (Orc:1)
  2 foxfires (Swamp:2)
  29 fungi
  124 plants
165 creatures vanquished.

Grand Total: 1457 creatures vanquished

Notes
Turn   | Place    | Note
-------+----------+-------------------------------------------
     0 | D:1      | Ic0nGaming the Kobold Fighter began the quest for the Orb.
     0 | D:1      | Reached XP level 1. HP: 14/14 MP: 1/1
   113 | D:1      | Reached XP level 2. HP: 19/19 MP: 2/2
   122 | D:1      | Found Nahatic's Distillery.
   457 | D:1      | Reached XP level 3. HP: 19/23 MP: 3/3
   823 | D:1      | Bought a potion of degeneration for 14 gold pieces
  1164 | D:2      | Reached skill level 5 in Short Blades
  1859 | D:3      | Reached XP level 4. HP: 10/28 MP: 4/4
  2081 | D:3      | Reached skill level 1 in Evocations
  2245 | D:3      | Found a faded altar of an unknown god.
  2287 | D:3      | Reached XP level 5. HP: 32/32 MP: 5/5
  3376 | D:4      | Reached XP level 6. HP: 37/37 MP: 6/6
  3419 | D:4      | Identified the +4 sling of Reinforcement {heavy, rElec rF+
                  | Will++ Dex+3}
  4009 | D:4      | Reached XP level 7. HP: 39/41 MP: 7/7
  4414 | D:4      | Found a shimmering altar of Xom.
  4525 | D:5      | Entered Level 5 of the Dungeon
  4891 | D:5      | Found a runed translucent door.
  4907 | D:5      | Reached skill level 10 in Short Blades
  4907 | D:5      | Reached XP level 8. HP: 46/46 MP: 8/8
  4980 | D:5      | Found Bon Zof's Magic Scroll Boutique.
  4988 | D:5      | Bought a scroll of enchant armour for 105 gold pieces
  4988 | D:5      | Bought a scroll of fear for 56 gold pieces
  4988 | D:5      | Bought a scroll of blinking for 105 gold pieces
  4988 | D:5      | Bought a scroll of teleportation for 42 gold pieces
  5087 | D:5      | Found a runed translucent door.
  5090 | D:5      | Noticed fly's ghost (amateur DgDe)
  5497 | D:6      | Found a glowing golden altar of the Shining One.
  5570 | D:6      | Found a broken altar of Ashenzari.
  5700 | D:6      | Found a snail-covered altar of Cheibriados.
  6007 | D:6      | Found a burning altar of Makhleb.
  6011 | D:6      | Became a worshipper of Makhleb the Destroyer
  6060 | D:6      | Found a sacrificial altar of Ru.
  6060 | D:6      | Found a hide-covered altar of Uskayaw.
  6218 | D:6      | Found a staircase to the Ecumenical Temple.
  6719 | D:7      | Reached XP level 9. HP: 51/51 MP: 9/9
  6728 | D:7      | Noticed Menkaure
  6733 | D:7      | Killed Menkaure
  6868 | D:7      | Reached skill level 1 in Invocations
  7029 | D:7      | Found a sparkling altar of Nemelex Xobeh.
  7184 | D:8      | Found a blossoming altar of Fedhas.
  7245 | D:8      | Found a runed translucent gate.
  7245 | D:8      | Found a runed translucent gate.
  7246 | D:8      | Found a runed translucent gate.
  7248 | D:8      | Noticed an 11-headed hydra
  7249 | D:8      | Noticed stillor's ghost (novice OpTm)
  7279 | D:8      | Noticed a two-headed ogre
  7288 | D:8      | Killed a two-headed ogre
  7289 | D:8      | Reached skill level 5 in Invocations
  7405 | D:8      | Reached XP level 10. HP: 54/56 MP: 13/15
  7507 | D:8      | Reached * piety under Makhleb
  7522 | D:8      | Found a shimmering blue altar of Sif Muna.
  7599 | D:8      | Found a flagged portal.
  7605 | Bailey   | Entered a bailey
  7853 | Bailey   | Reached ** piety under Makhleb
  8180 | D:8      | Noticed Prince Ribbit
  8182 | D:8      | Killed Prince Ribbit
  8195 | D:8      | Noticed Psyche
  8218 | D:8      | Killed Psyche
  8439 | D:8      | Noticed Pikel
  8452 | D:8      | Killed Pikel
  8453 | D:8      | Reached skill level 10 in Invocations
  8968 | D:8      | Reached skill level 5 in Fighting
  9063 | D:9      | Noticed a freezing wraith
  9242 | D:9      | Found an ornate altar of the Wu Jian Council.
  9248 | D:9      | Noticed Erolcha
  9349 | D:9      | Noticed Grum
  9359 | D:9      | Reached XP level 11. HP: 64/64 MP: 19/19
  9363 | D:9      | Killed Grum
  9476 | D:9      | Found a hazy altar of Hepliaklqana.
  9534 | D:9      | Found a white marble altar of Elyvilon.
  9736 | D:9      | Killed Erolcha
  9824 | D:9      | Found a runed translucent gate.
  9825 | D:9      | Found a runed translucent gate.
  9826 | D:9      | Found a runed translucent gate.
  9937 | D:9      | Noticed Maggie
 10238 | D:10     | Entered Level 10 of the Dungeon
 10280 | D:10     | Found a staircase to the Orcish Mines.
 10659 | D:10     | HP: 2/68 [orc priest/divine providence (11)]
 10948 | D:10     | Found a staircase to the Lair.
 11016 | D:10     | Reached *** piety under Makhleb
 11142 | Lair:1   | Entered Level 1 of the Lair of Beasts
 11477 | Lair:1   | Reached skill level 5 in Evocations
 12157 | Lair:1   | Reached XP level 12. HP: 67/76 MP: 21/21
 12212 | Lair:1   | Reached skill level 1 in Stealth
 12365 | Lair:1   | Reached skill level 2 in Stealth
 12369 | Lair:1   | Reached skill level 3 in Stealth
 12828 | Lair:2   | Reached skill level 4 in Stealth
 12896 | Lair:2   | Reached skill level 5 in Stealth
 13008 | Lair:2   | Reached skill level 6 in Stealth
 13173 | Lair:2   | Reached skill level 7 in Stealth
 13321 | Lair:2   | Reached skill level 8 in Stealth
 13385 | Lair:2   | Found a transporter.
 13461 | Lair:2   | Found a transporter.
 13801 | Lair:3   | Reached **** piety under Makhleb
 13823 | Lair:3   | Reached skill level 9 in Stealth
 13954 | Lair:3   | Reached skill level 10 in Stealth
 14161 | Lair:3   | Reached XP level 13. HP: 78/80 MP: 22/22
 14166 | Lair:3   | Reached skill level 11 in Stealth
 14270 | Lair:3   | Found a staircase to the Swamp.
 14339 | Lair:3   | Noticed an eight-headed hydra
 14342 | Lair:3   | Killed an eight-headed hydra
 14343 | Lair:3   | Reached skill level 12 in Stealth
 14479 | Lair:3   | Found a staircase to the Snake Pit.
 14495 | Lair:3   | Reached skill level 10 in Evocations
 15059 | Lair:4   | Reached skill level 1 in Dodging
 15346 | Lair:4   | Reached skill level 13 in Stealth
 15793 | Lair:4   | Found a runed translucent door.
 15794 | Lair:4   | Found a viscous altar of Jiyva.
 16016 | Lair:4   | Found a staircase to the Slime Pits.
 16112 | Lair:5   | Entered Level 5 of the Lair of Beasts
 16220 | Lair:5   | Reached ***** piety under Makhleb
 16303 | Lair:5   | Reached skill level 5 in Dodging
 16316 | Lair:5   | Reached skill level 14 in Stealth
 16371 | Lair:5   | Noticed a four-headed hydra
 16375 | Lair:5   | Killed a four-headed hydra
 16376 | Lair:5   | Reached skill level 1 in Throwing
 16451 | Lair:5   | Identified the +2 robe "Eheump" {rC+}
 17119 | D:1      | Bought a potion of might for 56 gold pieces
 17119 | D:1      | Bought a potion of invisibility for 112 gold pieces
 17119 | D:1      | Bought 2 potions of might for 112 gold pieces
 17119 | D:1      | Bought a potion of heal wounds for 70 gold pieces
 17119 | D:1      | Bought a potion of haste for 140 gold pieces
 17209 | D:5      | Bought a scroll of enchant weapon for 105 gold pieces
 17319 | Orc:1    | Entered Level 1 of the Orcish Mines
 17556 | Orc:2    | Entered Level 2 of the Orcish Mines
 17562 | Orc:2    | Reached XP level 14. HP: 86/86 MP: 23/23
 17824 | Lair:5   | Reached skill level 5 in Throwing
 18006 | Lair:5   | Reached skill level 5 in Armour
 18193 | Lair:5   | Noticed Josephine
 18203 | Lair:5   | Killed Josephine
 18651 | D:5      | Bought a scroll of teleportation for 42 gold pieces
 18651 | D:5      | Bought a scroll of blinking for 105 gold pieces
 19100 | D:11     | Noticed Fannar
 19119 | D:11     | Killed Fannar
 19296 | D:11     | Found Ente Ach's Magic Scroll Emporium.
 19305 | D:11     | Bought 3 scrolls of teleportation for 135 gold pieces
 19514 | D:11     | Identified the +1 leather armour of a treasure trove {Harm
                  | rF+}
 19827 | D:12     | Found Puathry's Antique Weapon Boutique.
 20011 | D:12     | Found a blossoming altar of Fedhas.
 20011 | D:12     | Found an opulent altar of Gozag.
 20011 | D:12     | Found a shimmering altar of Xom.
 20017 | D:12     | Found a broken altar of Ashenzari.
 20017 | D:12     | Found a stormy altar of Qazlal.
 20022 | D:12     | Found a glowing golden altar of the Shining One.
 20539 | Orc:1    | Found Xetz's Weapon Boutique.
 20547 | Orc:1    | Found Puiczoum's Antique Weapon Shop.
 20567 | Orc:1    | Reached ****** piety under Makhleb
 20933 | Orc:2    | Reached XP level 15. HP: 74/91 MP: 24/24
 20956 | Orc:2    | Reached skill level 5 in Shields
 21618 | Orc:2    | Found Zeblezar's Antique Armour Shop.
 21630 | Orc:2    | Bought an embroidered cloak for 202 gold pieces
 21630 | Orc:2    | Bought a warped chain mail for 256 gold pieces
 21630 | Orc:2    | Identified the +1 chain mail "Jenecs" {Int+3} (You bought
                  | it in a shop on level 2 of the Orcish Mines)
 21646 | Orc:2    | Reached skill level 10 in Fighting
 22303 | Orc:2    | Found Coluol's Assorted Antiques.
 22395 | Orc:2    | Found a staircase to the Elven Halls.
 22435 | Orc:2    | Found Ishin's Distillery.
 22440 | Orc:2    | Bought a potion of might for 52 gold pieces
 22440 | Orc:2    | Bought a potion of curing for 39 gold pieces
 22440 | Orc:2    | Bought a potion of attraction for 39 gold pieces
 22646 | Orc:2    | Found Qitie's Armour Emporium.
 22651 | Orc:2    | Bought a +1 ring mail of cold resistance for 240 gold
                  | pieces
 24083 | D:13     | Found a gate to the Vaults.
 24434 | D:14     | Noticed Jorgrun
 24448 | D:14     | Killed Jorgrun
 24586 | D:14     | Noticed a fire giant
 24927 | Swamp:1  | Entered Level 1 of the Swamp
 25266 | Swamp:1  | Reached skill level 15 in Stealth
 25751 | Swamp:1  | Reached XP level 16. HP: 100/100 MP: 25/25
 25777 | Swamp:1  | Reached skill level 16 in Stealth
 26211 | Swamp:2  | Reached skill level 17 in Stealth
 27220 | Swamp:3  | Reached skill level 18 in Stealth
 27314 | Swamp:3  | Noticed a fenstrider witch
 27338 | Swamp:2  | Killed a fenstrider witch
 27617 | Snake:1  | Entered Level 1 of the Snake Pit
 27840 | Snake:1  | Reached skill level 19 in Stealth
 28116 | Snake:1  | Found Xeorphuf's Magic Scroll Shoppe.
 28121 | Snake:1  | Bought a scroll of teleportation for 48 gold pieces
 28121 | Snake:1  | Bought a scroll of fear for 64 gold pieces
 28121 | Snake:1  | Bought a scroll of fog for 64 gold pieces
 28121 | Snake:1  | Bought a scroll of blinking for 120 gold pieces
 28622 | Snake:1  | Reached skill level 20 in Stealth
 28735 | Snake:1  | Reached XP level 17. HP: 61/104 MP: 27/27
 29626 | Swamp:3  | Identified the +1 leather armour "Qatacevu" {MP+9 Str+2
                  | Int+2}
 29976 | Swamp:4  | Entered Level 4 of the Swamp
 30090 | Swamp:4  | Noticed a thorn hunter
 30107 | Swamp:3  | Reached skill level 21 in Stealth
 30139 | Swamp:4  | Killed a thorn hunter
 30596 | Swamp:4  | Noticed a tentacled monstrosity
 30664 | Swamp:4  | Reached skill level 22 in Stealth
 30791 | Swamp:4  | Noticed a thorn hunter
 30804 | Swamp:4  | Killed a thorn hunter
 30834 | Swamp:4  | Killed a tentacled monstrosity
 30899 | Swamp:4  | Noticed a tentacled monstrosity
 30900 | Swamp:4  | Reached skill level 23 in Stealth
 30913 | Swamp:4  | Killed a tentacled monstrosity
 31177 | Swamp:4  | Reached skill level 15 in Invocations
 31177 | Swamp:4  | Reached XP level 18. HP: 110/110 MP: 27/29
 31178 | Swamp:4  | Reached XP level 19. HP: 115/115 MP: 27/31
 31217 | Swamp:4  | Paralysed by a fenstrider witch for 2 turns
 31467 | Swamp:4  | Got a decaying rune of Zot
 31723 | Elf:1    | Entered Level 1 of the Elven Halls
 31737 | Elf:1    | Reached skill level 24 in Stealth
 31804 | Elf:1    | Found a flickering gateway to a bazaar.
 31831 | Bazaar   | Entered a bazaar
 31833 | Bazaar   | Found Taqig's Jewellery Boutique.
 31838 | Bazaar   | Found Cefyfaux's Assorted Antiques.
 31840 | Bazaar   | Found Hofudoli's Assorted Antiques.
 31846 | Bazaar   | Found Ukhlirinn's General Store.
 31879 | Bazaar   | Bought a bloodstained ring mail for 243 gold pieces
 31879 | Bazaar   | Identified the +8 ring mail of Unreason {+Inv Regen+ Int-2}
                  | (You bought it in a shop in a bazaar)
 31970 | Elf:1    | You fall into a shaft and drop 1 floor!
 32133 | Elf:1    | Identified the +0 helmet of Hedge Wizardry {rF+++ Regen+
                  | Str+3 Dex-2}
 32240 | Elf:1    | Paralysed by an air elemental for 1 turns
 32449 | Elf:1    | Reached XP level 20. HP: 120/120 MP: 32/32
 32545 | Elf:1    | Reached skill level 25 in Stealth
 32725 | Elf:2    | Found the +7 great mace "Firestarter" {flame, inner flame,
                  | rFlCloud rF++}
 33024 | Elf:2    | Identified the amulet of the Ancients {Spirit *Corrode rC+
                  | Int+3}
 33195 | Elf:2    | Found a huge runed translucent gate.
 33196 | Elf:2    | Found a huge runed translucent gate.
 33198 | Elf:2    | Found a huge runed translucent gate.
 33199 | Elf:2    | Found a huge runed translucent gate.
 33200 | Elf:2    | Found a huge runed translucent gate.
 33363 | Elf:2    | Reached skill level 26 in Stealth
 33437 | Elf:2    | HP: 1/120 [+2 halberd of venom (11)]
 34250 | Snake:2  | Identified the +1 hand axe of Causality {freeze, rF+
                  | Will++}
 34529 | Snake:2  | Reached skill level 27 in Stealth
 34650 | Snake:2  | You fall into a shaft and drop 1 floor!
 34844 | Snake:3  | Found Tutas's Assorted Antiques.
 34867 | Snake:3  | Bought a twisted scarf for 320 gold pieces
 34867 | Snake:3  | Identified the scarf of the Falcon {rC+ rF+, Fly Str+2}
                  | (You bought it in a shop on level 3 of the Snake Pit)
 35162 | Snake:3  | Noticed Roxanne
 35236 | Snake:3  | Killed Roxanne
 35277 | Snake:3  | Noticed Vashnia
 36079 | Snake:3  | Killed Vashnia
 37089 | Snake:4  | Entered Level 4 of the Snake Pit
 37450 | Snake:4  | Identified the +4 ring mail of the Doldrums {Str+2}
 37689 | Snake:4  | Reached XP level 21. HP: 130/132 MP: 33/33
 37790 | Snake:4  | Reached skill level 15 in Fighting
 38948 | Snake:4  | Got a serpentine rune of Zot
 39484 | Elf:3    | Entered Level 3 of the Elven Halls
 40358 | Elf:3    | Noticed a Tzitzimitl
 40648 | Elf:3    | Identified the +6 hand axe of Understanding {heavy, Int+3}
 40817 | Elf:3    | Reached skill level 10 in Shields
 40848 | Elf:3    | Identified the +6 war axe "Muunk" {heavy, rPois Stlth+}
 41280 | Elf:3    | Identified the amulet "Suzxeaz" {Faith Str+4 Dex-3}
 41312 | Elf:3    | Identified the +5 robe "Onaaliago" {rPois}
 41888 | Elf:3    | Identified the staff of air "Raogadulli" {rElec rF- rC+
                  | Int+5 SInv}
 41956 | Elf:3    | Identified the staff of fire "Saawkeso" {rF+ Will+}
 41964 | Elf:3    | Got Sif Muna's Encyclopedia of Mortuary Ensorcelling
 42315 | Vaults:1 | Entered Level 1 of the Vaults
 42588 | Vaults:1 | Reached XP level 22. HP: 140/140 MP: 34/34
 45775 | Vaults:2 | Found a staircase to the Crypt.
 47028 | D:15     | Entered Level 15 of the Dungeon
 47140 | D:14     | Identified the +1 ring mail "Ristric" {rF+}
 47432 | D:14     | Found the +9 sword of Power {lifebolt}
 47482 | D:14     | Reached XP level 23. HP: 130/149 MP: 35/35
 47781 | D:15     | Found a staircase to the Depths.
 47854 | D:15     | Found an iron altar of Okawaru.
 47987 | D:15     | Found a sacrificial altar of Ru.
 48037 | D:15     | Found Wymit's Distillery.
 48042 | D:15     | Bought 2 potions of berserk rage for 130 gold pieces
 48042 | D:15     | Bought a potion of curing for 39 gold pieces
 48042 | D:15     | Bought a potion of might for 52 gold pieces
 48042 | D:15     | Bought a potion of cancellation for 104 gold pieces
 48137 | D:15     | Reached skill level 10 in Dodging
 48355 | Depths:1 | Entered Level 1 of the Depths
 48773 | Depths:1 | Found a one-way gateway to a ziggurat.
 48784 | Depths:1 | Found a gateway to Hell.
 49314 | Depths:1 | Found a one-way gate to the infinite horrors of the Abyss.
 49314 | Depths:1 | Found a corrupted altar of Lugonu.
 49939 | Depths:2 | Killed from afar by a frost giant

Illustrated notes

Levels and vault maps discovered:
D:1:      mrwooster_arrival_statue_2, layout_basic, serial_shops, shop
D:2:      layout_loops_ring
D:3:      layout_basic, shapermc_ecumenical_altar_mp_highgroup
D:4:      minmay_goblin_kobold_castle, layout_basic,
          mainiacjoe_overflow_surrounded_room
D:5:      layout_cave_pools, ebering_ghost_sewer_f, serial_shops, shop
D:6:      layout_cave_pools, nicolae_overflow_squiral, lemuel_doored_altar,
          nicolae_overflow_two_pavilions, nicolae_ashenzari_skybound,
          lemuel_temple_firewalk_a
D:7:      layout_rooms, nemelex_dance_club_becter, kennysheep_generic_room_15,
          uniq_menkaure
D:8:      layout_loops_ring, fedhas_altar_4, old_standard_altar,
          gammafunk_ghost_hydra_chop, enter_bailey_6, uniq_pikel,
          uniq_prince_ribbit1, uniq_psyche
D:9:      nicolae_moon_pools, layout_loops_cross, elyvilon_altar_3,
          mainiacjoe_overflow_catwalk, nzn_wu_jian_contemplation,
          gammafunk_ghost_spectres, serial_glass, glass_columns_b,
          glass_columns_a, feat_on_display, minmay_strange_pillars,
          feat_on_display, nicolae_fountain_basement, uniq_erolcha, uniq_maggie,
          uniq_grum
D:10:     layout_cross, lair_entry_dummy, orc_0_dummy, serial_column_ruins,
          column_ruins_hut_ruined, column_ruins_square_medium,
          column_ruins_columns_corner, column_ruins_open_small,
          column_ruins_columns_dead_end, column_ruins_grid_4
D:11:     layout_loops_cross, serial_shops, nicolae_shop_window_shopping,
          kennysheep_small_square, uniq_fannar
D:12:     layout_basic, serial_shops, nicolae_square_shop, doesnt_xom_only_xom
D:13:     layout_loops_ring, david_vaults_5, nicolae_eternal_life
D:14:     minmay_guarded_unrand_sword_of_power, layout_loops_ring,
          minmay_strange_pillars, uniq_jorgrun
D:15:     gammafunk_enter_depths_forms, layout_loops_ring, serial_shops, shop,
          nicolae_ru_awakened_eye, okawaru_gym_becter
Lair:1:   layout_cave_pods, beast_lair_carwin_1, lemuel_fruit_tree
Lair:2:   gammafunk_worm_tunnel, layout_gridlike
Lair:3:   layout_loops_ring, skrybe_swamp_entry_bodies,
          nicolae_snake_entry_warm_welcome
Lair:4:   layout_cave_pods, slime_entry_2, chequers_serial_rivers_room_b,
          infiniplex_staircase_pool, grunt_megastairs_1
Lair:5:   evilmike_catoblepas_cave, layout_concentric_octagons, uniq_josephine
Swamp:1:  layout_basic_swamp, nicolae_swamp_tree_designs, swamp_pool1
Swamp:2:  nicolae_swamp_wrong_neighborhood, layout_basic_swamp,
          nicolae_swamp_fairy_circle
Swamp:3:  layout_basic_swamp, nicolae_swamp_some_circles, swamp_pool4
Swamp:4:  nzn_swamp_witches_coven, layout_basic_swamp, swamp_pool4,
          nicolae_swamp_frolicking_bunyips
Snake:1:  layout_layer_cave, serial_shops, nicolae_shop_hallway_plus,
          serial_bayou_crossing
Snake:2:  layout_cave_shapes, nicolae_snake_mages_go_home, grunt_megastairs_2
Snake:3:  layout_layer_cave, nicolae_stop_n_shop_1,
          nicolae_snake_snakes_in_the_grass, uniq_vashnia, uniq_roxanne
Snake:4:  grunt_snake_rune_serpentine_throne, layout_layer_cave
Orc:1:    layout_caves, serial_shops, shop, nicolae_shop_crystal
Orc:2:    st_orc_town, layout_caves, nicolae_orc_sculptors_studio, rock_pile
Elf:1:    layout_geoelf_octagon, serial_shops, bzr_in_the_mist,
          hangedman_elven_crosses_minicolossus, minivault_8
Elf:2:    elven_hall_of_blades_hangedman_alternative
          [nicolae_blade_entry_diamond_columns], layout_loops_ring
Elf:3:    minmay_elf_hall_spiked, layout_gridlike
Vaults:1: ontoclasm_vaults_gallery, vaults_standard_mumra_x,
          vaults_room_fancy_cross, nicolae_vaults_diagonal_hallway_6,
          nicolae_vaults_asterisk, layout_vaults_omnigrid
Vaults:2: minmay_crypt_entry_simple_walls, dpeg_vaults_monster_row, v_misc_24,
          hangedman_vaults_snaps, vaults_dpeg_ring, v_misc_11,
          ontoclasm_vaults_fault, nicolae_vaults_yaktaur_gun_rack,
          nicolae_vaults_statue_guard, layout_vaults_chaotic_city
Vaults:3: v_misc_31, hangedman_vaults_corner_blocks, st_cells, vaults_room_grid,
          v_alt_pattern_6, v_misc_10, grunt_vaults_trifunnel, v_misc_29,
          vaults_room_ringed_pool, hangedman_vaults_nails,
          ontoclasm_vaults_claustrophobia, ontoclasm_vaults_tryst,
          hangedman_vaults_stretched_pinwheel, layout_vaults_omnibox,
          serial_shops, nicolae_shop_statue_plus
Depths:1: layout_twisted_cross, enter_ziggurat_d, hell_entry,
          chequers_serial_rivers_small_b, kennysheep_path_1,
          amcnicky_altar_lugonu_corruption
Depths:2: minmay_the_grid_square_5x5_5x5_mashed [minmay_the_grid_square_5x5_c,
          minmay_the_grid_square_5x5_three_walls,
          minmay_the_grid_square_5x5_eight_small,
          minmay_the_grid_square_5x5_inverted_slash,
          minmay_the_grid_square_5x5_two, minmay_the_grid_square_5x5_inset,
          minmay_the_grid_square_5x5_prize_waves,
          minmay_the_grid_square_5x5_lines,
          minmay_the_grid_square_5x5_prize_pseudospiral,
          minmay_the_grid_square_5x5_misaligned,
          minmay_the_grid_square_5x5_tetrominoes, minmay_the_grid_square_5x5_v,
          minmay_the_grid_square_5x5_prize_open,
          minmay_the_grid_square_5x5_mess, minmay_the_grid_square_5x5_empty,
          minmay_the_grid_square_5x5_checkered_sparse,
          minmay_the_grid_square_5x5_prize_rear_guard,
          minmay_the_grid_square_5x5_corner,
          minmay_the_grid_square_5x5_prize_monsterx,
          minmay_the_grid_square_5x5_doubleslash,
          minmay_the_grid_square_5x5_inner_i,
          minmay_the_grid_square_5x5_moneybag,
          minmay_the_grid_square_5x5_bracketed,
          minmay_the_grid_square_5x5_three, minmay_the_grid_square_5x5_inner_z],
          layout_basic, amcnicky_mini_pool_small, hell_entry,
          rand_demon_pan_entry_4

Skill      XL: |  1  2  3  4  5  6  7  8  9 10 11 12 13 14 15 16 17 18 19 20 21 22 23 |
---------------+----------------------------------------------------------------------+-----
Short Blades   | 3 4 5 6 7 10 12 14 | 14.0
Evocations     | 2 3 6 9 10 11 | 11.7
Invocations    | 6 10 12 13 14 15 16 | 16.4
Fighting       | 5 9 11 14 15 17 | 17.7
Stealth        | 10 14 15 20 23 24 27 | 27.0
Dodging        | 6 9 11 | 11.0
Throwing       | 4 9 |  9.6
Armour         | 3 6 9 |  9.8
Shields        | 4 5 11 | 11.1

Action                     |  1- 3 |  4- 6 |  7- 9 | 10-12 | 13-15 | 16-18 | 19-21 | 22-24 || total
---------------------------+-------+-------+-------+-------+-------+-------+-------+-------++-------
  Melee: Rapier            |   112 |       |    67 |   709 |  1314 |   584 |  1190 |  1030 ||  5006
         Dagger            |       |   143 |   318 |       |       |       |       |       ||   461
   Fire: Sling             |       |     2 |    13 |       |       |       |       |       ||    15
  Throw: Dart              |     3 |       |       |     7 |       |       |       |       ||    10
         Stone             |       |       |       |     1 |       |       |       |       ||     1
         Boomerang         |       |       |       |       |    13 |     2 |    17 |     3 ||    35
         Throwing net      |       |       |       |       |     2 |       |       |       ||     2
 Invoke: Minor Destruction |       |       |       |     4 |       |       |       |       ||     4
         Major Destruction |       |       |       |       |    10 |       |       |       ||    10
         Greater Servant o |       |       |       |       |     1 |     4 |     3 |     1 ||     9
         Lesser Servant of |       |       |       |       |       |       |       |     3 ||     3
  Evoke: Wand              |       |     3 |    12 |    12 |     7 |     9 |    28 |     6 ||    77
         Phial of floods   |       |       |       |       |     2 |     1 |     2 |       ||     5
    Use: Scroll            |     5 |     1 |    19 |    13 |     6 |     6 |    17 |     2 ||    69
         Potion            |       |       |       |    14 |     3 |    17 |     8 |     3 ||    45
   Stab: Sleeping          |     1 |     1 |     1 |    16 |    51 |    35 |    86 |    53 ||   244
         Distracted        |       |       |     1 |    17 |    51 |    26 |    55 |    52 ||   202
         Held in net/web   |       |       |       |       |     1 |       |       |       ||     1
         Invisible         |       |       |       |       |       |       |     3 |       ||     3
         Paralysed         |       |       |       |       |       |       |     1 |       ||     1
 Armour: Scale mail        |    36 |    46 |    94 |   146 |   153 |       |       |       ||   475
         Skin              |       |       |       |    26 |       |       |       |       ||    26
         Ring mail         |       |       |       |       |    52 |   135 |   202 |   167 ||   556
         Chain mail        |       |       |       |       |    44 |       |       |       ||    44
  Dodge: Dodged            |    55 |    66 |   113 |   165 |   377 |   237 |   459 |   253 ||  1725
  Block: Buckler           |    20 |    27 |    84 |   183 |   302 |   174 |   271 |       ||  1061
         Kite shield       |       |       |       |       |       |       |    71 |   637 ||   708
         Reflection        |       |       |       |       |       |       |     8 |    15 ||    23

Table legend: (Time is in decaauts)
 A = Elapsed time spent in this place.
 B = Non-inter-level travel time spent in this place.
 C = Inter-level travel time spent in this place.
 D = Time resting spent in this place.
 E = Time spent auto-exploring this place.
 F = Levels seen in this place.
 G = Mean time per level.
                   A        B        C        D        E       F      G
               +--------+--------+--------+--------+--------+-----+--------+
         Total |  47810 |  44246 |   3564 |   9393 |  24068 |  40 | 1195.2 |
       Dungeon |  16440 |  14699 |   1741 |   1927 |   9941 |  15 | 1096.0 |
          Lair |   7138 |   6254 |    884 |   1160 |   3873 |   5 | 1427.6 |
         Swamp |   4188 |   4022 |    166 |   1152 |   1506 |   4 | 1047.0 |
     Snake Pit |   6425 |   6268 |    157 |   1651 |   3089 |   4 | 1606.2 |
  Orcish Mines |   2576 |   2326 |    250 |    670 |    861 |   2 | 1288.0 |
   Elven Halls |   4733 |   4544 |    189 |   1550 |   1934 |   3 | 1577.7 |
        Vaults |   4450 |   4304 |    146 |    851 |   2352 |   3 | 1483.3 |
        Depths |   1303 |   1275 |     28 |    287 |    487 |   2 |  651.5 |
        Bazaar |     74 |     74 |      0 |      0 |     24 |   1 |   74.0 |
        Bailey |    480 |    480 |      0 |    141 |      0 |   1 |  480.0 |
               +--------+--------+--------+--------+--------+-----+--------+

Top non-repeatable levels by time:
   Elf:3: 2568 daAuts
 Snake:3: 2260 daAuts
Vaults:2: 2034 daAuts
     D:4: 1966 daAuts
 Snake:4: 1890 daAuts
Vaults:1: 1812 daAuts
  Lair:1: 1728 daAuts
 Snake:1: 1692 daAuts
  Lair:3: 1689 daAuts
   Orc:2: 1545 daAuts
    D:13: 1464 daAuts
     D:8: 1430 daAuts
  Lair:4: 1302 daAuts
   Elf:2: 1233 daAuts
  Lair:5: 1232 daAuts
